mrgnz, chaotic male orcish Wizard ------------- |...........| ##-...........| ---------- # |...........| |.......>+ ###|...........| |......qq| # |...........| |.......@-# # |...........| |.$......|# # ----------.-- -- -------# # ## ## # ## ##### #### #### ---.--------- ## ## # # ###############............| ------.--# -----.--# ------------ ######|......%....| |.......|## |......-######-..........| # |...........| |.......-# |{.....|# |..........-### ------------- |.......| |......-# |..........| |.......| |...._.| |..........| --------- -------- ------------ mrgnz the Conjurer Experience level: 4 Strength: 9 Dexterity: 15 Constitution: 14 Intelligence: 15 Wisdom: 13 Charisma: 10 Health: 0(27) Energy: 38(40) Def: 5 Gold: 141 Moves: 1817 Dungeon seed: lwFKYguwwPzv0GMe Game ID: mrgnz_1548110926 Your Inventory: Coins $ - 141 gold pieces Weapons a - a blessed +1 quarterstaff (weapon in hands) o - a cursed +0 flail t - a +1 sling Armor e - an uncursed +0 cloak of magic resistance (being worn) q - an uncursed +0 orcish helm (being worn) r - an uncursed +0 studded leather armor (being worn) Comestibles x - an uncursed lichen corpse Scrolls i - an uncursed scroll of stinking cloud j - an uncursed scroll of punishment k - an uncursed scroll of destroy armor Spellbooks l - a blessed spellbook of force bolt m - an uncursed spellbook of confuse monster Potions f - 2 uncursed potions of water g - an uncursed potion of restore ability h - an uncursed potion of oil w - a cursed potion of oil Rings c - an uncursed ring of polymorph d - an uncursed +1 ring of adornment Wands b - a wand of speed monster (0:4) Tools n - a magic marker (0:45) p - an expensive camera (0:87) u - a can of grease (0:24) Spells and supernatural/magical abilities: Name Level Category Fail Memory a - force bolt 1 attack 3% 91% u - confuse monster 2 enchantment 3% 91% W - pray for help -- divine ? -- Your skills at the end: Fighting Skills Weapon Skills quarterstaff [Basic] Spellcasting Skills attack spells [Basic] enchantment spells [Basic] Final Attributes: You were piously aligned. You were poison resistant. You were magic-protected. You had infravision. You were lucky. Anhur was angry with you. You are dead. Vanquished creatures: 2 kittens a kobold lord a giant bat 2 hobbits a large kobold a gnome zombie a gecko a jackal a fox 3 goblins a sewer rat 4 grid bugs a lichen 8 newts 28 creatures vanquished. Voluntary challenges: You followed a strict vegan diet. You used a wielded weapon 11 times, starting on turn 140. You were illiterate. You never genocided any monsters. You never polymorphed an object. You never changed form. You used no wishes. You never split a pudding. You never wrote Elbereth's name. You violated your moral code, losing 43 points of alignment, starting on turn 132. Dungeon overview: The Dungeons of Doom: levels 1 to 4 Level 1 a long staircase Level 2 a general store, a sink Level 3 a potion shop, an altar to Ptah, a fountain Level 4 <- You were here an altar to Ptah, a fountain History has recorded: On T:1 you entered the Dungeons of Doom to retrieve the Amulet of Yendor! On T:259 you reached level 2 of The Dungeons of Doom. On T:354 you advanced to experience level 2. On T:1099 you reached level 3 of The Dungeons of Doom. On T:1272 you advanced to experience level 3. On T:1272 you advanced to experience level 4. On T:1629 you reached level 4 of The Dungeons of Doom. Score breakdown: Gold: 141 ( 7321 points) Experience: 4 levels ( 9649 points) Exploration: 4 levels ( 8.51%) ( 7661 points) Discoveries: 1 item ( 0.36%) ( 1802 points) Valuables value: (no points given unless you survive) Artifact value: 0 ( 0 points) Variety of kills: 14 monsters ( 3.67%) ( 5750 points) Turncount: 1817 turns ( 0 points) Survival: died (score multiplied by 80%) Total score: 25746 Latest messages: WHAMMM!!! As you kick the door, it crashes open! The spell hits the lichen! You kill the lichen! You see here a lichen corpse. (3x) x - a lichen corpse. The door resists! The door opens. The rothe hits! The rothe bites! (2x) The rothe hits! The rothe bites! (2x) You miss the rothe. The rothe hits! The rothe just misses! The rothe bites! The rothe hits! The rothe bites! (2x) You die... Final status: Goodbye mrgnz the Wizard, killed by a rothe... You died in The Dungeons of Doom on dungeon level 4 with 25746 points, and 141 pieces of gold, after 1817 moves. You were level 4 with a maximum of 27 hit points when you died.